 Dungeon Crawl Stone Soup version 0.29-a0-380-gf50f0a9fbc (webtiles) character file.

Game seed: 10038127942659246434

349 jlumianski the Skirmisher (level 6, -2/72 HPs)
             Began as a Demonspawn Fighter on May 5, 2022.
             Succumbed to a scorpion's poison
             ... on level 6 of the Dungeon on May 6, 2022.
             The game lasted 00:11:35 (4733 turns).

jlumianski the Skirmisher (Demonspawn Fighter)      Turns: 4733, Time: 00:11:35

Health: -2/72      AC:  9    Str: 19    XL:     6   Next: 33%
Magic:  6/6        EV: 11    Int:  9    God:
Gold:   156        SH:  4    Dex: 12    Spells: 5/5 levels left

rFire   . . .      SeeInvis .   a - +0 war axe
rCold   . . .      Faith    .   c - +0 buckler
rNeg    . . .      Spirit   .   b - +0 scale mail
rPois   .          Reflect  .   h - +0 helmet
rElec   .          Harm     .   t - +0 cloak
rCorr   .          Rampage  .   (no gloves)
Will    .....                   (no boots)
Stlth   ..........              (no amulet)
HPRegen 0.22/turn               w - ring of wizardry
MPRegen 0.10/turn               (no ring)

@: berserking, lethally poisoned (-2 -> -17), attractive, flying, very quick
A: repulsion field 1, ignite blood 2, demonic magic 1
a: no special abilities


You were on level 6 of the Dungeon.
You visited 1 branch of the dungeon, and saw 6 of its levels.

You collected 156 gold pieces.

Inventory:

Hand Weapons
 a - a +0 war axe (weapon)
 u - a +2 vorpal flail
Missiles
 e - 13 poisoned darts (quivered)
 s - 2 stones
 y - 2 silver boomerangs
Armour
 b - a +0 scale mail (worn)
 c - a +0 buckler (worn)
 h - a +0 helmet (worn)
 t - a +0 cloak (worn)
Magical Staves
 p - a staff of cold
Jewellery
 w - a ring of wizardry (left hand)
Wands
 k - a wand of paralysis (4)
 o - a wand of flame (24)
Scrolls
 i - a scroll of torment {unknown}
 j - 3 scrolls of fear {unknown}
 l - 3 scrolls of fog {unknown}
 m - 3 scrolls of teleportation {unknown}
 n - 3 scrolls of identify {unknown}
 q - a scroll of noise {unknown}
Potions
 d - 2 potions of might
 f - a potion of attraction
 g - 3 potions of flight
 v - a potion of brilliance {unknown}
 x - a potion of curing {unknown}


   Skills:
 + Level 4.1 Fighting
 + Level 3.9 Axes
 + Level 0.2 Throwing
 + Level 4.1 Armour
 + Level 1.0 Dodging
 + Level 0.2 Stealth
 + Level 3.1 Shields


You had 5 spell levels left.
You didn't know any spells.
Your spell library contained the following spells:

 Spells                   Type           Power      Damage    Failure   Level
 Gell's Gravitas          Tloc           0%         N/A       86%         3
 Lesser Beckoning         Tloc           0%         N/A       86%         3
 Teleport Other           Tloc           0%         N/A       86%         3
 Petrify                  Tmut/Erth      0%         N/A       99%         4
 Metabolic Englaciation   Hex/Ice        0%         N/A       100%        5
 Statue Form              Tmut/Erth      0%         N/A       100%        6


Dungeon Overview and Level Annotations

Branches:
Dungeon (7/15)
 Temple: D:4-7

Altars:
Gozag
Hepliaklqana

Annotations:
D:6 Pikel
D:7 Dowan, Duvessa


Innate Abilities, Weirdness & Mutations

You are surrounded by a mild repulsion field. (EV +2)
Your demonic aura often causes spilled blood to erupt in flames.
Spells you cast may paralyse adjacent enemies.


Message History

* * * LOW HITPOINT WARNING * * *
Duvessa barely misses you.
There is a stone staircase leading up, spattered with blood here.
Duvessa hits you with a +0 short sword.
* * * LOW HITPOINT WARNING * * *
You block Duvessa's attack.
You climb upwards.
Level annotation: Pikel Reactivating autopickup.
You block the scorpion's attack. The scorpion barely misses you.
The lemure hits you.
* * * LOW HITPOINT WARNING * * *
The lemure barely misses you.
There is a stone staircase leading down, spattered with blood here.
Okay, then.
Unknown command.
It was a potion of flight.
You feel very buoyant.
You fly up into the air.
The scorpion barely misses you. The lemure barely misses you. x2
It was a potion of attraction.
You feel attractive to monsters. The scorpion stings you.
* * * LOW HITPOINT WARNING * * *
You are lethally poisoned!
The scorpion poisons you! The lemure closely misses you.
The lemure hits you but does no damage. The scorpion stings you.
* * * LOW HITPOINT WARNING * * *
You are more poisoned.
The scorpion poisons you! Pikel is attracted toward you.
It was a potion of berserk rage.
A red film seems to cover your vision as you go berserk!
You feel yourself moving faster!
You feel mighty!
* * * LOW HITPOINT WARNING * * *
You feel very sick. The lemure closely misses you. Pikel closely misses you.
The lemure barely misses you. The scorpion barely misses you.
You closely miss Pikel. You slash the lemure! You barely miss the lemure.
You slash the scorpion! You barely miss the lemure.
You die...

..# .. .... .##
....# ...
.....## ..###
....)..#.#..###
..............#
......5.s......
.....§K@.......
......5!5....#.
.............#
.............#
...............
.............#.
#....##.###.##
#..[. ### .#


You could see Pikel, 3 lemures and a scorpion.

Vanquished Creatures
  Menkaure (D:4)
  A lemure (D:7)
  A scorpion (D:4)
  An iguana (D:4)
  Robin (D:1)
  4 gnolls
  An adder (D:2)
  A worm (D:2)
  7 orcs
  2 ball pythons (D:1)
  7 bats
  6 endoplasms
  2 giant cockroaches
  14 goblins
  9 hobgoblins
  3 jackals (D:3)
  5 kobolds
  2 quokkas
  6 frilled lizards
  3 rats
77 creatures vanquished.

Notes
Turn   | Place    | Note
-------+----------+-------------------------------------------
     0 | D:1      | jlumianski the Demonspawn Fighter began the quest for the
                  | Orb.
     0 | D:1      | Reached XP level 1. HP: 18/18 MP: 1/1
   186 | D:1      | Gained mutation: Spells you cast may paralyse adjacent
                  | enemies. [demonic ancestry]
   186 | D:1      | Reached XP level 2. HP: 15/24 MP: 2/2
  1276 | D:2      | Noticed Robin
  1503 | D:1      | Gained mutation: Your demonic aura sometimes causes spilled
                  | blood to erupt in flames. [demonic ancestry]
  1503 | D:1      | Reached XP level 3. HP: 29/29 MP: 3/3
  1728 | D:1      | Killed Robin
  1836 | D:2      | Found a hazy altar of Hepliaklqana.
  2595 | D:2      | Gained mutation: Your demonic aura often causes spilled
                  | blood to erupt in flames. [demonic ancestry]
  2595 | D:2      | Reached XP level 4. HP: 32/37 MP: 4/4
  2856 | D:3      | Found an opulent altar of Gozag.
  4168 | D:3      | Gained mutation: You are surrounded by a mild repulsion
                  | field. (EV +2) [demonic ancestry]
  4168 | D:3      | Reached XP level 5. HP: 42/42 MP: 5/5
  4388 | D:4      | Noticed Menkaure
  4398 | D:4      | Killed Menkaure
  4399 | D:4      | Reached skill level 1 in Dodging
  4399 | D:4      | Reached XP level 6. HP: 15/48 MP: 6/6
  4452 | D:4      | Noticed a sky beast
  4458 | D:4      | You fall into a shaft and drop 3 floors!
  4468 | D:6      | Noticed Pikel
  4708 | D:7      | Noticed Duvessa
  4709 | D:7      | Noticed Dowan
  4732 | D:6      | HP: 1/72 [poisoned by a scorpion]
  4733 | D:6      | Succumbed to a scorpion's poison

Illustrated notes

Levels and vault maps discovered:
D:1:      saegor_arrival_simple_d, layout_basic, hangedman_decor_growths,
          nrook_campfire
D:2:      layout_basic, basic_altar, kennysheep_generic_room_3, uniq_robin
D:3:      layout_loops_ring, mainiacjoe_overflow_alcove_4
D:4:      layout_loops_ring, chequers_temple_overflow_minitemple,
          minmay_temple_entry_proselytizer, serial_shops, nicolae_shop_trees,
          shop, uniq_menkaure, uniq_blork_the_orc
D:6:      layout_cave_pools, kennysheep_little_box, serial_shops,
          nicolae_shop_bloodbath_and_beyond, kennysheep_donut, uniq_pikel,
          uniq_grinder
D:7:      layout_cave_pods, nemelex_diamond_rough_becter, kennysheep_crisscross,
          dreamdust_gnoll_farm, uniq_duvessa

Skill      XL: |  1  2  3  4  5 |
---------------+----------------+-----
Axes           | 2 3 |  3.9
Armour         | 3 4 |  4.1
Shields        | 3 |  3.1
Fighting       | 4 |  4.1
Dodging        | 1 |  1.0
Throwing       | |  0.2
Stealth        | |  0.2

Action                   |  1- 3 |  4- 6 || total
-------------------------+-------+-------++-------
Melee: War axe           |   106 |   100 ||   206
Throw: Dart              |       |    11 ||    11
  Use: Potion            |       |     3 ||     3
Armor: Scale mail        |    77 |    56 ||   133
Dodge: Dodged            |    70 |    72 ||   142
Block: Buckler           |    28 |    32 ||    60

Table legend: (Time is in decaauts)
 A = Elapsed time spent in this place.
 B = Non-inter-level travel time spent in this place.
 C = Inter-level travel time spent in this place.
 D = Time resting spent in this place.
 E = Time spent auto-exploring this place.
 F = Levels seen in this place.
 G = Mean time per level.
                   A        B        C        D        E       F      G
               +--------+--------+--------+--------+--------+-----+--------+
         Total |   4827 |   4827 |      0 |   1026 |   2571 |   6 |  804.5 |
       Dungeon |   4827 |   4827 |      0 |   1026 |   2571 |   6 |  804.5 |
               +--------+--------+--------+--------+--------+-----+--------+

Top non-repeatable levels by time:
     D:1: 1713 daAuts
     D:2: 1597 daAuts
     D:3: 1020 daAuts
     D:7: 270 daAuts
     D:4: 216 daAuts
     D:6: 9 daAuts
